 Dungeon Crawl Stone Soup version 0.24-a0-176-gc3651c4 (webtiles) character file.

Game seed: 7987586992893599945

266 Dfrag the Firebug (level 6, 0/41 HPs)
             Began as a Demonspawn Fire Elementalist on Mar 12, 2019.
             Slain by a river rat (5 damage)
             ... in a sewer on Mar 13, 2019.
             The game lasted 00:05:08 (2408 turns).

Dfrag the Firebug (Demonspawn Fire Elementalist)    Turns: 2408, Time: 00:05:08

Health: 0/41       AC:  3    Str:  8    XL:     6   Next: 0%
Magic:  0/11       EV: 12    Int: 24    God:
Gold:   152        SH:  6    Dex: 15    Spells: 4/12 levels left

rFire    . . .     SeeInvis .   (no weapon)
rCold    + . .     Gourm    .   (no shield)
rNeg     . . .     Faith    .   o - +0 robe {rC+}
rPois    .         Spirit   +   (no helmet)
rElec    .         Reflect  +   m - +0 cloak
rCorr    .         Harm     .   (no gloves)
MR       .....                  (no boots)
Stlth    ++........             u - +6 amulet of reflection
HPRegen  0.13/turn              (no ring)
MPRegen  0.12/turn              (no ring)

@: brilliant, flying, very slightly contaminated, hasted, very quick
A: thin skeletal structure 1, magic shield
a: no special abilities


You were in a sewer.
You were not hungry.

You visited 1 branch of the dungeon, and saw 3 of its levels.
You also visited: Sewer.

You collected 152 gold pieces.

Inventory:

Armour
 a - a +0 robe
 m - a +0 cloak (worn)
 o - a +0 robe of cold resistance (worn)
Jewellery
 u - a +6 amulet of reflection (around neck)
Scrolls
 b - a scroll of remove curse {unknown}
 e - a scroll of immolation {unknown}
 i - a scroll of amnesia {unknown}
 j - 2 scrolls of enchant weapon {unknown}
 k - 2 scrolls of identify {unknown}
 n - 3 scrolls of magic mapping {unknown}
Potions
 h - a potion of flight
 l - 2 potions of heal wounds
 p - a potion of haste
 q - a potion of berserk rage {unknown}
 r - a potion of brilliance
 s - 3 potions of lignification {unknown}
Comestibles
 c - 7 rations
 t - a chunk of flesh


   Skills:
 - Level 1.7 Dodging
 - Level 1.7 Stealth
 + Level 3.7 Spellcasting
 + Level 3.4 Conjurations
 + Level 4.1 Fire Magic


You had 4 spell levels left.
You knew the following spells:

 Your Spells              Type           Power        Failure   Level  Hunger
a - Flame Tongue          Conj/Fire      #####        1%          1    None
b - Conjure Flame         Conj/Fire      #####...     1%          3    ###....
c - Sticky Flame          Conj/Fire      #####...     2%          4    ####...

Your spell library contained the following spells:

 Spells                   Type           Power        Failure   Level  Hunger
 Throw Flame              Conj/Fire      #####.       1%          2    #......
 Inner Flame              Hex/Fire       ####....     1%          3    ###....
 Fireball                 Conj/Fire      #####.....   7%          5    ######.


Dungeon Overview and Level Annotations

Branches:
Dungeon (3/15)

Altars:
Cheibriados
Dithmenos
Nemelex Xobeh


Innate Abilities, Weirdness & Mutations

You have a somewhat thin skeletal structure. (Dex +2, Stealth)
When hurt, damage is shared between your health and your magic reserves.


Message History

The river rat is severely wounded.
The river rat barely misses you.
You closely miss the river rat.
The river rat is severely wounded.
You block the river rat's attack.
You hit the river rat.
The river rat is severely wounded.
The river rat bites you.
You hit the river rat but do no damage.
The river rat is severely wounded.
The river rat misses you.
You hit the river rat but do no damage.
The river rat is severely wounded.
The river rat bites you!
* * * LOW HITPOINT WARNING * * *
It was a potion of haste.
You feel yourself speed up. The river rat misses you.
It was a potion of brilliance.
You feel clever all of a sudden. The river rat bites you!
You die...

#.#
#.#
#∩#
#.#
#∩#
#r#
#r#
#r#
#@#
###


You could see 3 river rats.

Vanquished Creatures
  A phantom (D:2)
  Crazy Yiuf (D:2)
  5 adders (D:2)
  3 river rats
  2 oozes (D:1)
  A worm (D:3)
  2 dart slugs
  A leopard gecko (D:3)
  A ball python (D:2)
  2 giant cockroaches (D:2)
  8 goblins
  8 hobgoblins
  3 jackals (D:2)
  A quokka (D:3)
  7 bats
  2 frilled lizards
  6 kobolds
  7 rats
61 creatures vanquished.

Notes
Turn   | Place    | Note
-------+----------+-------------------------------------------
     0 | D:1      | Dfrag the Demonspawn Fire Elementalist began the quest for
                  | the Orb.
     0 | D:1      | Reached XP level 1. HP: 13/13 MP: 3/3
   317 | D:1      | Gained mutation: When hurt, damage is shared between your
                  | health and your magic reserves. [demonic ancestry]
   317 | D:1      | Reached XP level 2. HP: 19/19 MP: 0/5
   431 | D:1      | Reached skill level 3 in Fire Magic
   777 | D:2      | Reached XP level 3. HP: 22/24 MP: 1/6
   869 | D:2      | Found a runed translucent door.
   870 | D:2      | Noticed Crazy Yiuf
  1261 | D:2      | Noticed a phantom
  1271 | D:2      | Reached XP level 4. HP: 23/30 MP: 3/8
  1417 | D:2      | Killed a phantom
  1417 | D:2      | Reached XP level 5. HP: 18/35 MP: 0/9
  1572 | D:2      | Found a sparkling altar of Nemelex Xobeh.
  1625 | D:2      | Found a shadowy altar of Dithmenos.
  1661 | D:2      | Found a snail-covered altar of Cheibriados.
  2024 | D:2      | Learned a level 3 spell: Conjure Flame
  2029 | D:2      | Learned a level 4 spell: Sticky Flame
  2033 | D:2      | Killed Crazy Yiuf
  2033 | D:2      | Reached skill level 4 in Fire Magic
  2350 | D:3      | Found a glowing drain.
  2354 | Sewer    | Entered a sewer
  2389 | Sewer    | Gained mutation: You have a somewhat thin skeletal
                  | structure. (Dex +2, Stealth) [demonic ancestry]
  2389 | Sewer    | Reached XP level 6. HP: 16/41 MP: 0/11
  2408 | Sewer    | Slain by a river rat

Levels and vault maps discovered:
D:1:      lemuel_arrival_river_ford, layout_loops_ring,
          minmay_misc_feat_diagonals, minmay_split_cup_large
D:2:      kennysheep_the_goblin_king, layout_rooms,
          grunt_dithmenos_smoke_and_mirrors, kennysheep_slug_shrine,
          nemelex_xobeh_ov_fountains_minmay, uniq_crazy_yiuf_cottage
D:3:      minmay_chambers_of_threes, layout_loops_ring,
          overflow_temple_1_default, gup_sewer_entry_spiral,
          kennysheep_generic_room_10, uniq_grinder
Sewer:    sewer_kobolds

Skill      XL: |  1  2  3  4  5 |
---------------+----------------+-----
Fire Magic     | 3 4 |  4.1
Conjurations   | 2 3 |  3.4
Spellcasting   | 3 |  3.7
Dodging        | |  1.7
Stealth        | |  1.7

Action                   |  1- 3 |  4- 6 || total
-------------------------+-------+-------++-------
Melee: Unarmed           |    21 |    45 ||    66
 Cast: Flame Tongue      |    58 |    63 ||   121
       Sticky Flame      |       |     1 ||     1
  Use: Potion            |       |     7 ||     7
 Stab: Invisible         |       |     2 ||     2
  Eat: Chunk             |     1 |     4 ||     5
Armor: Robe              |     6 |     8 ||    14
Dodge: Dodged            |    42 |    44 ||    86
Block: Other             |       |    22 ||    22

Table legend:
 A = Non-vault XP
 B = Vault XP
 C = Vault XP percentage of total XP
 D = Non-vault monster count
 E = Vault monster count
 F = Vault count percentage of total count
                 A         B        C        D         E       F
            +---------+---------+-------+---------+---------+-------
      Total |     271 |     110 |  28.9 |      43 |      18 |  29.5
            +---------+---------+-------+---------+---------+-------
        D:1 |      27 |       7 |  20.6 |      11 |       4 |  26.7
        D:2 |     232 |      58 |  20.0 |      26 |       9 |  25.7
        D:3 |      12 |      19 |  61.3 |       6 |       3 |  33.3
      Sewer |       0 |      26 | 100.0 |       0 |       2 | 100.0
            +---------+---------+-------+---------+---------+-------
